 Dungeon Crawl Stone Soup version 0.22.1-1-ga44c0e5 (webtiles) character file.

71 dvd the Bolt Thrower (level 4, -2/27 HPs)
             Began as a Kobold Hunter on Sept 27, 2018.
             Was an Initiate of Okawaru.
             Slain by a sky beast (6 damage)
             ... on level 2 of the Dungeon.
             The game lasted 00:03:33 (1749 turns).

dvd the Bolt Thrower (Kobold Hunter)                Turns: 1749, Time: 00:03:33

Health: -2/27      AC:  3    Str: 10    XL:     4   Next: 47%
Magic:  4/4        EV: 14    Int: 12    God:    Okawaru [......]
Gold:   113        SH:  0    Dex: 15    Spells: 3/3 levels left

rFire    . . .     SeeInvis .   a - +1 hand crossbow
rCold    . . .     Gourm    .   (shield restricted)
rNeg     . . .     Faith    .   c - +0 leather armour
rPois    .         Spirit   .   (no helmet)
rElec    .         Reflect  .   (no cloak)
rCorr    .         Harm     .   (no gloves)
MR       .....                  (no boots)
Stlth    ++........             (no amulet)
HPRegen  0.09/turn              (no ring)
MPRegen  0.09/turn              (no ring)

@: no status effects
A: small, carnivore
a: Renounce Religion


You were on level 2 of the Dungeon.
You worshipped Okawaru.
Okawaru was noncommittal.
You were very full.

You visited 1 branch of the dungeon, and saw 2 of its levels.

You collected 113 gold pieces.

Inventory:

Hand Weapons
 a - a +1 hand crossbow (weapon)
 b - a +0 short sword
Missiles
 d - 8 bolts (quivered)
Armour
 c - a +0 leather armour (worn)
Scrolls
 g - a scroll of identify {unknown}
 h - a scroll of teleportation {unknown}
 k - a scroll of fear {unknown}
 m - a scroll of fog {unknown}
 o - a scroll of blinking {unknown}
 p - a scroll of remove curse {unknown}
Potions
 e - 3 potions of haste {unknown}
 i - 2 potions of curing {unknown}
 j - 2 potions of degeneration {unknown}
 l - a potion of cancellation {unknown}
 n - a potion of mutation {unknown}
Comestibles
 f - 4 rations


   Skills:
 + Level 2.7 Fighting
 + Level 0.4 Short Blades
 + Level 6.2 Crossbows
 + Level 0.5 Armour
 + Level 2.5 Dodging
 + Level 1.5 Stealth


You had 3 spell levels left.
You didn't know any spells.
Your spell library was empty.

Dungeon Overview and Level Annotations

Branches:
Dungeon (2/15)

Altars:
Okawaru
Sif Muna


Innate Abilities, Weirdness & Mutations

You are small and have problems with some larger weapons.
You are carnivorous and can eat meat at any time.


Message History

Deactivating autopickup; reactivate with Ctrl-A.
Something hits you. Something shocks you.
A sky beast appears from thin air!
Reactivating autopickup.
Firing (i - inventory)
d - 9 bolts (quivered)
Press: ? - help, Shift-Dir - straight line, f/p - sky beast
Aim: a sky beast (lightly wounded)
You shoot a bolt. The bolt hits the sky beast.
The sky beast is moderately wounded.
The sky beast flickers out of sight!
Deactivating autopickup; reactivate with Ctrl-A.
Something hits you. Something shocks you.
* * * LOW HITPOINT WARNING * * *
Unknown command.
A sky beast appears from thin air!
Reactivating autopickup.
The sky beast hits you.
* * * LOW HITPOINT WARNING * * *
The sky beast shocks you.
You die...

######### ####...#...## ###
............######### ##.#
[....(.........Y....####.)###
##...........###@.).........#
................#############
###...........##...### ###
##.................## #.#
####.....###..........## #.#
.....##.....###.###....###
#.# .######.....###.#
###....###.#
..#####.......### ##......##
...<........#.###
##......####


You could see a sky beast.

Vanquished Creatures
  3 adders (D:2)
  2 worms (D:2)
  3 leopard geckos
  4 goblins
  7 hobgoblins
  4 bats
  3 frilled lizards
  5 kobolds
  5 rats
36 creatures vanquished.

Notes
Turn   | Place    | Note
-------+----------+-------------------------------------------
     0 | D:1      | dvd the Kobold Hunter began the quest for the Orb.
     0 | D:1      | Reached XP level 1. HP: 12/12 MP: 1/1
   197 | D:1      | Reached skill level 5 in Crossbows
   448 | D:1      | Reached XP level 2. HP: 17/17 MP: 2/2
   851 | D:2      | Reached XP level 3. HP: 21/21 MP: 3/3
  1194 | D:2      | Reached skill level 6 in Crossbows
  1241 | D:2      | Reached XP level 4. HP: 27/27 MP: 4/4
  1299 | D:2      | Found an iron altar of Okawaru.
  1303 | D:2      | Became a worshipper of Warmaster Okawaru
  1709 | D:2      | Found a deep blue altar of Sif Muna.
  1710 | D:2      | Noticed a sky beast
  1749 | D:2      | Slain by a sky beast

Skill      XL: |  1  2  3 |
---------------+----------+-----
Crossbows      | 5 6 |  6.2
Fighting       | |  2.7
Short Blades   | |  0.4
Armour         | |  0.5
Dodging        | |  2.5
Stealth        | |  1.5

Action                   |  1- 3 |  4- 6 || total
-------------------------+-------+-------++-------
Melee: Short sword       |    36 |     7 ||    43
 Fire: Hand crossbow     |    54 |    18 ||    72
  Eat: Chunk             |     7 |     3 ||    10
Armor: Leather armour    |     5 |       ||     5
Dodge: Dodged            |    36 |     9 ||    45
